 Dungeon Crawl Stone Soup version 0.30-a0-1157-g2cc9ac7196 (webtiles) character file.

Game seed: 18399657733931889959

123 GloriousHammer the Firebug (level 4, -1/33 HPs)
             Began as a Demigod Fire Elementalist on Apr 24, 2023.
             Slain by Terence
             ... wielding a +0 flail
              (8 damage)
             ... on level 3 of the Dungeon.
             The game lasted 00:05:43 (2968 turns).

GloriousHammer the Firebug (DgFE)                   Turns: 2968, Time: 00:05:44

Health: -1/33      AC:  3    Str: 13    XL:     4   Next: 51%
Magic:  11/11      EV: 12    Int: 17    God:
Gold:   132        SH:  0    Dex: 14    Spells: 2/8 levels left

rFire   . . .        k - +0 whip
rCold   . . .        (no shield)
rNeg    . . .        a - +0 robe
rPois   .            (no helmet)
rElec   .            (no cloak)
rCorr   .            (no gloves)
SInv    .            o - +0 pair of boots
Will    .....        (no amulet)
Stlth   ++           (no ring)
HPRegen 0.25/turn    (no ring)
MPRegen 0.12/turn

%: no passive effects
@: no status effects
A: high MP 1, forlorn, divine attributes
a: no special abilities


You were on level 3 of the Dungeon.
You visited 1 branch of the dungeon, and saw 3 of its levels.

You collected 132 gold pieces.

Inventory:

Hand Weapons
 k - a +0 whip (weapon)
 s - a +0 sling
Armour
 a - a +0 robe (worn)
 e - a +1 ring mail of willpower
 o - a +0 pair of boots (worn)
Scrolls
 c - 2 scrolls of blinking {unknown}
 h - 2 scrolls of amnesia {unknown}
 i - a scroll of noise {unknown}
 j - 3 scrolls of identify {unknown}
 l - a scroll of vulnerability {unknown}
 p - a scroll of poison {unknown}
Potions
 b - a potion of magic
 d - a potion of haste {unknown}
 f - a potion of degeneration {unknown}
 g - a potion of ambrosia {unknown}
 m - a potion of heal wounds {unknown}
 n - a potion of curing {unknown}
 q - a potion of cancellation {unknown}
 r - a potion of might {unknown}
 t - a potion of resistance {unknown}
 u - a potion of lignification {unknown}


   Skills:
 - Level 1.7 Dodging
 - Level 1.7 Stealth
 + Level 2.8 Spellcasting
 + Level 2.3 Conjurations
 + Level 3.7 Fire Magic


You had 2 spell levels left.
You knew the following spells:

 Your Spells              Type           Power      Damage    Failure   Level
a - Foxfire               Conj/Fire      48%        2x1d6     4%          1
b - Scorch                Fire           30%        2d6       6%          2
c - Volatile Blastmotes   Fire/Tloc      16%        2d11      26%         3

Your spell library contained the following spells:

 Spells                   Type           Power      Damage    Failure   Level
 Inner Flame              Hex/Fire       8%         N/A       26%         3
 Flame Wave               Conj/Fire      12%        2d6       45%         4
 Yara's Violent Unravell  Hex/Tmut       1%         3d3       99%         5
 Enfeeble                 Hex            1%         N/A       100%        7


Dungeon Overview and Level Annotations

Branches:
Dungeon (3/15)

Annotations:
D:3 Terence


Innate Abilities, Weirdness & Mutations

You have an increased reservoir of magic. (+10% MP)
You shall have no god before yourself.
Your divine heritage dramatically boosts your attributes as you level up.


Message History

The adder is severely wounded.
The adder's fire resistance burns away.
The adder bites you.
You are poisoned.
The adder poisons you!
You barely miss the adder.
The adder is severely wounded.
You feel sick. The adder bites you.
You are more poisoned.
The adder poisons you! The adder closely misses you.
You barely miss the adder.
The adder is severely wounded.
You feel sick. The adder closely misses you.
You closely miss the adder.
The adder is severely wounded.
You feel sick.
The adder is no longer more vulnerable to fire.
The adder bites you.
You are more poisoned.
The adder poisons you! The adder bites you but does no damage.
You closely miss the adder.
The adder is severely wounded.
You feel very sick. The adder bites you but does no damage.
Casting: Scorch (safe; 6% risk of failure)
Confirm with . or Enter, or press ? or * to list all spells.
Flames lash the adder.
You kill the adder!
You feel sick.
You feel sick.
You now have 132 gold pieces (gained 12).
You feel sick.
You feel sick.
You feel sick.
There is an open door here.
You feel sick.
You feel sick.
You feel sick.
You are no longer poisoned.
A kobold comes into view. It is wielding a +0 whip.
A kobold is nearby!
A kobold is nearby!
Found a stone staircase leading up.
Casting: Scorch (safe; 6% risk of failure)
Confirm with . or Enter, or press ? or * to list all spells.
Flames lash the kobold.
You kill the kobold!
Terence and a quokka come into view.
Terence is wielding a +0 flail and wearing a +2 scale mail of cold resistance.
There are monsters nearby!
There are monsters nearby!
Casting: Scorch (safe; 6% risk of failure)
Confirm with . or Enter, or press ? or * to list all spells.
Flames lash Terence.
Terence shouts!
Terence is moderately wounded.
Terence's fire resistance burns away.
Casting: Scorch (safe; 6% risk of failure)
Confirm with . or Enter, or press ? or * to list all spells.
Flames lash Terence but do no damage.
Terence is no longer more vulnerable to fire.
Casting: Scorch (safe; 6% risk of failure)
Confirm with . or Enter, or press ? or * to list all spells.
You conjure some foxfire!
Terence hits you with a +0 flail.
Your foxfire dissipates!
Terence attacks as you move away! Terence barely misses you.
The foxfire hits Terence but does no damage.
Terence is moderately wounded.
Terence shouts, "Get ready for death!"
Casting: Foxfire (safe; 4% risk of failure)
Confirm with . or Enter, or press ? or * to list all spells.
You conjure some foxfire!
Terence barely misses you.
Casting: Foxfire (safe; 4% risk of failure)
Confirm with . or Enter, or press ? or * to list all spells.
Flames lash Terence.
Terence is moderately wounded.
Terence's fire resistance burns away.
The foxfire hits Terence but does no damage.
Terence is moderately wounded.
The foxfire hits Terence.
Terence is burned terribly!
Terence is heavily wounded.
Terence barely misses you. The quokka bites you.
Casting: Scorch (safe; 6% risk of failure)
Confirm with . or Enter, or press ? or * to list all spells.
Flames lash Terence.
Terence is burned terribly!
Terence is almost dead.
Terence hits you with a +0 flail! The quokka closely misses you.
Casting: Scorch (safe; 6% risk of failure)
Confirm with . or Enter, or press ? or * to list all spells.
Flames lash the quokka.
You kill the quokka!
Terence closely misses you.
Casting: Scorch (safe; 6% risk of failure)
Confirm with . or Enter, or press ? or * to list all spells.
You don't have enough magic to cast this spell.
You hit Terence but do no damage.
Terence is almost dead.
Terence hits you with a +0 flail!
* * * LOW HITPOINT WARNING * * *
Magic courses through your body. Terence hits you with a +0 flail!
You die...

................
......###.###.# ..........#...#
### ....#......<..#...# ######
.....##.......#.#.# .....#
.....##.[..#....#.# .r...#
.#...####)([..###.# .....
##.### #.........### ... .....#
#.######@@..##.# .#...#
#.)<)..#.##....# .#...#
######.#.####### '#####
#....#.#.# .....#
#.##.#.#.##############
.....####.#..#.#..............#
..........#.#..#..........)...#
.....######.#..#.............<#
..........#.#.##....###########


You could see Terence (combustible).

Vanquished Creatures
  3 gnolls (D:2)
  3 adders
  A dart slug (D:2)
  4 orcs (D:3)
  6 ball pythons
  4 bats
  2 endoplasms (D:1)
  6 giant cockroaches
  4 goblins
  3 hobgoblins
  4 jackals (D:1)
  2 quokkas
  2 frilled lizards (D:1)
  8 kobolds
  7 rats
59 creatures vanquished.

Vanquished Creatures (others)
  49 foxfires
49 creatures vanquished.

Grand Total: 108 creatures vanquished

Notes
Turn   | Place    | Note
-------+----------+-------------------------------------------
     0 | D:1      | GloriousHammer the Demigod Fire Elementalist began the
                  | quest for the Orb.
     0 | D:1      | Reached XP level 1. HP: 14/14 MP: 5/5
    80 | D:1      | Reached skill level 1 in Conjurations
   330 | D:1      | Reached XP level 2. HP: 6/20 MP: 0/7
   336 | D:1      | Reached skill level 3 in Fire Magic
   406 | D:1      | Learned a level 2 spell: Scorch
  1339 | D:2      | Reached XP level 3. HP: 26/26 MP: 6/9
  1457 | D:1      | Learned a level 3 spell: Volatile Blastmotes
  1791 | D:2      | Reached XP level 4. HP: 33/33 MP: 7/10
  2954 | D:3      | Noticed Terence
  2968 | D:3      | Slain by Terence

Illustrated notes

Levels and vault maps discovered:
D:1:      mrwooster_arrival_statue_2, layout_loops_ring
D:2:      layout_loops_ring, minmay_misc_feat_doors, kennysheep_generic_room_11
D:3:      layout_basic, nicolae_overflows_in_rows, serial_shops,
          nicolae_shop_crystal, shop, shop_fountains, uniq_terence

Skill      XL: |  1  2  3 |
---------------+----------+-----
Conjurations   | 1 2 |  2.3
Spellcasting   | 2 |  2.8
Fire Magic     | 3 |  3.7
Dodging        | |  1.7
Stealth        | |  1.7

Action                     |  1- 3 |  4- 6 || total
---------------------------+-------+-------++-------
  Melee: Dagger            |    15 |       ||    15
         Whip              |    14 |    11 ||    25
   Cast: Foxfire           |    26 |     7 ||    33
         Scorch            |    28 |    22 ||    50
    Use: Potion            |       |     1 ||     1
 Armour: Robe              |     8 |     3 ||    11
  Dodge: Dodged            |    35 |    18 ||    53

Table legend: (Time is in decaauts)
 A = Elapsed time spent in this place.
 B = Non-inter-level travel time spent in this place.
 C = Inter-level travel time spent in this place.
 D = Time resting spent in this place.
 E = Time spent auto-exploring this place.
 F = Levels seen in this place.
 G = Mean time per level.
                   A        B        C        D        E       F      G
               +--------+--------+--------+--------+--------+-----+--------+
         Total |   2971 |   2853 |    118 |    785 |   1515 |   3 |  990.3 |
       Dungeon |   2971 |   2853 |    118 |    785 |   1515 |   3 |  990.3 |
               +--------+--------+--------+--------+--------+-----+--------+

Top non-repeatable levels by time:
     D:1: 1308 daAuts
     D:2: 1189 daAuts
     D:3: 473 daAuts
